 Dungeon Crawl Stone Soup version 0.31-a0-358-gac0dbeb3ab (webtiles) character file.

Game seed: 12023984702814250878

79 MacCMillion the Ruffian (level 4, 0/32 HPs)
             Began as a Merfolk Shapeshifter on July 25, 2023.
             Slain by a gnoll
             ... wielding a +0 flail
              (4 damage)
             ... on level 3 of the Dungeon.
             The game lasted 00:01:50 (1031 turns).

MacCMillion the Ruffian (Merfolk Shapeshifter)      Turns: 1031, Time: 00:01:51

Health: 0/32       AC:  5    Str: 17    XL:     4   Next: 38%
Magic:  4/4        EV: 11    Int:  7    God:
Gold:   78         SH:  0    Dex: 14    Spells: 3/3 levels left

rFire   . .          .
                       - Unarmed
rCold   . . .        (no shield)
rNeg    . . .        g - +0 ring mail
rPois   .            (helmet currently unavailable)
rElec   .            (cloak currently unavailable)
rCorr   .            (gloves currently unavailable)
SInv    .            (boots currently unavailable)
Will    .....        (no amulet)
Stlth   +            (no ring)
HPRegen 0.25/turn    (no ring)
MPRegen 0.09/turn

%: no passive effects
@: beast-form
A: beast (slay +3), (nimble swimmer 2), mertail
a: Begin Untransformation


You were on level 3 of the Dungeon.
You were a hulking beast.
You visited 1 branch of the dungeon, and saw 3 of its levels.

You collected 78 gold pieces.

Inventory:

Missiles
 f - 2 poisoned darts
Armour
 g - a +0 ring mail (worn)
Talismans
 c - a beast talisman
Scrolls
 a - 2 scrolls of enchant weapon {unknown}
 e - 2 scrolls of amnesia {unknown}
 h - a scroll of immolation {unknown}
 i - 2 scrolls of identify {unknown}
 j - a scroll of poison {unknown}
 k - a scroll of brand weapon {unknown}
 m - a scroll of revelation {unknown}
 n - a scroll of fear {unknown}
Potions
 b - 2 potions of lignification
 d - a potion of haste {unknown}
 l - a potion of enlightenment {unknown}


   Skills:
 - Level 1.1 Fighting
 - Level 2.6 Dodging
 + Level 5.3 Unarmed Combat
 - Level 4.3 Shapeshifting


You had 3 spell levels left.
You didn't know any spells.
Your spell library contained the following spells:

 Spells                   Type           Power      Damage    Failure   Level
 Sublimation of Blood     Necr           0%         N/A       78%         2
 Petrify                  Tmut/Erth      0%         N/A       100%        4
 Irradiate                Conj/Tmut      0%         3d11      100%        5


Dungeon Overview and Level Annotations

Branches:
Dungeon (3/15)

Altars:


Innate Abilities, Weirdness & Mutations

You are a hulking beast.
Your limbs bulge with bestial killing power. (Slay +3)
((You are very nimble when in or above water. (Stealth+, EV+, Speed+++)))
Your lower body shifts to a powerful aquatic tail in water.


Message History

The slug dart hits you but does no damage.
A gnoll comes into view. It is wielding a +0 spear.
The gnoll shouts!
The dart slug bites you but does no damage.
You punch the dart slug!
The dart slug is severely wounded.
You hit the dart slug.
You kill the dart slug!
A gnoll comes into view. It is wielding a +0 flail.
The gnoll hits you from afar with a +0 spear.
The gnoll shouts!
The gnoll hits you from afar with a +0 spear.
A gnoll comes into view. It is wielding a +0 flail.
The gnoll barely misses you.
You hit the gnoll.
The gnoll is lightly wounded.
The gnoll hits you with a +0 flail. The gnoll barely misses you.
You barely miss the gnoll. You punch the gnoll!
The gnoll is almost dead.
The gnoll closely misses you. x2
You hit the gnoll.
You kill the gnoll!
The gnoll hits you with a +0 flail. The gnoll attacks as you move away!
The gnoll hits you with a +0 flail.
Found a stone staircase leading up.
The gnoll attacks as you move away! The gnoll closely misses you.
The gnoll attacks as you move away! The gnoll closely misses you.
You barely miss the gnoll. The gnoll hits you with a +0 flail.
The gnoll hits you with a +0 flail!
* * * LOW HITPOINT WARNING * * *
You closely miss the gnoll. The gnoll misses you. The gnoll closely misses you.
You closely miss the gnoll. The gnoll hits you but does no damage.
The gnoll hits you with a +0 flail.
* * * LOW HITPOINT WARNING * * *
You punch the gnoll!
The gnoll is severely wounded.
You closely miss the gnoll.
The gnoll is severely wounded.
The gnoll barely misses you. The gnoll hits you with a +0 flail.
You die...

......#.....####.#####
#####.##....####........
#.###.#....>.<......
##.....####..........
###.......###..........
##......................
.....#########..........
).#### #..............
.<# ###......h.......
..# #.......gg.....<.
..# ..#.........#...#
..# . ####.....###..#
### #....## # #...)#
#.......... #!...####..
...####


You could see 2 gnolls.

Vanquished Creatures
  4 adders
  A gnoll (D:3)
  2 dart slugs
  An orc (D:3)
  3 bats
  An endoplasm (D:1)
  A giant cockroach (D:2)
  2 goblins
  A hobgoblin (D:2)
  3 jackals (D:1)
  3 kobolds (D:1)
  3 quokkas
  A ball python (D:3)
  2 frilled lizards
  3 rats
31 creatures vanquished.

Notes
Turn   | Place    | Note
-------+----------+-------------------------------------------
     0 | D:1      | MacCMillion the Merfolk Shapeshifter began the quest for
                  | the Orb.
     0 | D:1      | Reached XP level 1. HP: 15/15 MP: 1/1
    49 | D:1      | Reached XP level 2. HP: 20/21 MP: 2/2
   175 | D:1      | Reached skill level 4 in Unarmed Combat
   470 | D:2      | Reached XP level 3. HP: 19/26 MP: 3/3
   876 | D:3      | Reached skill level 5 in Unarmed Combat
   879 | D:3      | Reached XP level 4. HP: 32/32 MP: 4/4
  1031 | D:3      | Slain by a gnoll

Illustrated notes

Levels and vault maps discovered:
D:1:      scummos_arrival_star, layout_rooms
D:2:      layout_rooms
D:3:      layout_rooms, lightli_temple_of_fire, nicolae_overflow_crystal_walls,
          kennysheep_donut, uniq_grinder

Skill      XL: |  1  2  3 |
---------------+----------+-----
Unarmed Combat | 4 5 |  5.3
Fighting       | |  1.1
Dodging        | |  2.6
Shapeshifting  | |  4.3

Action                     |  1- 3 |  4- 6 || total
---------------------------+-------+-------++-------
  Melee: Unarmed           |    63 |    23 ||    86
         Punch             |     3 |     1 ||     4
 Armour: Animal skin       |     9 |       ||     9
         Ring mail         |    15 |     5 ||    20
  Dodge: Dodged            |    50 |    16 ||    66

Table legend: (Time is in decaauts)
 A = Elapsed time spent in this place.
 B = Non-inter-level travel time spent in this place.
 C = Inter-level travel time spent in this place.
 D = Time resting spent in this place.
 E = Time spent auto-exploring this place.
 F = Levels seen in this place.
 G = Mean time per level.
                   A        B        C        D        E       F      G
               +--------+--------+--------+--------+--------+-----+--------+
         Total |   1024 |    966 |     58 |     64 |    669 |   3 |  341.3 |
       Dungeon |   1024 |    966 |     58 |     64 |    669 |   3 |  341.3 |
               +--------+--------+--------+--------+--------+-----+--------+

Top non-repeatable levels by time:
     D:2: 528 daAuts
     D:1: 287 daAuts
     D:3: 208 daAuts
